 Dungeon Crawl Stone Soup version 0.26-a0-752-gcff87cac9a (webtiles) character file.

Game seed: 653810873110002319

7 Riddle the Shield-Bearer (level 2, 15/24 HPs)
             Began as a Formicid Fighter on Nov 6, 2020.
             Quit the game on level 1 of the Dungeon.
             The game lasted 00:00:17 (40 turns).

Riddle the Shield-Bearer (Formicid Fighter)           Turns: 40, Time: 00:00:18

Health: 15/24      AC:  6    Str: 20    XL:     2   Next: 10%
Magic:  2/2        EV:  8    Int:  7    God:
Gold:   0          SH:  9    Dex: 10    Spells: 1/1 levels left

rFire    . . .     SeeInvis +   a - +0 quarterstaff
rCold    . . .     Faith    .   c - +0 kite shield
rNeg     . . .     Spirit   .   b - +0 scale mail
rPois    .         Reflect  .   (helmet unavailable)
rElec    .         Harm     .   (no cloak)
rCorr    .         Rampage  .   (no gloves)
MR       .....                  (no boots)
Stlth    ..........             (no amulet)
HPRegen  0.08/turn              (no ring)
MPRegen  0.08/turn              (no ring)

@: no status effects
A: permanent stasis, dig shafts and tunnels, four strong arms, antennae 3
a: Dig, Shaft Self


You were on level 1 of the Dungeon.
You visited 1 branch of the dungeon, and saw 1 of its levels.

Inventory:

Hand Weapons
 a - a +0 quarterstaff (weapon)
Armour
 b - a +0 scale mail (worn)
 c - a +0 kite shield (worn)
Potions
 d - a potion of might


   Skills:
 * Level 3.4 Fighting
 * Level 2.1 Staves
 * Level 3.4 Armour
 + Level 0.2 Dodging
 * Level 3.8 Shields


You had one spell level left.
You didn't know any spells.
Your spell library was empty.

Dungeon Overview and Level Annotations

Branches:
Dungeon (1/15)

Altars:
Okawaru


Innate Abilities, Weirdness & Mutations

You cannot be hasted, slowed, berserked, paralysed or teleported.
You can dig through walls and to a lower floor.
Your four strong arms can wield two-handed weapons with a shield.
You have a pair of large antennae on your head. (SInv)


Message History

The hobgoblin is almost dead.
You block the jackal's attack. The hobgoblin hits you with a +0 club.
You block the hobgoblin's attack.
Unknown command.
There are monsters nearby!
You sock the hobgoblin!
You kill the hobgoblin!
You block the jackal's attack. The hobgoblin barely misses you.
You block the jackal's attack.
Unknown command.
There are monsters nearby!
You hit the kobold.
The kobold is moderately wounded.
The jackal bites you but does no damage.
The hobgoblin hits you but does no damage.
You block the kobold's attack. You block the jackal's attack.
The hobgoblin misses you.
There are monsters nearby!
Unknown command.
Are you sure you want to abandon this character and quit the game? (Confirm with "yes".)

...###.. ## #
........ .# #.
#.).).# .#
##.##.._..##.#
#...#.).).#..#
#.....
...Kb.##...
#...###Khg......
#.#...†#.†@#
#.......).##
###.#..#.##
.........#
###.####.## #.
#P...♣# #
#♣...P#
###P.P###
#.##.##.#


You could see a jackal, a hobgoblin, a bat and 2 kobolds.

Vanquished Creatures
  A goblin (D:1)
  2 hobgoblins (D:1)
  A jackal (D:1)
  A bat (D:1)
  A frilled lizard (D:1)
  A rat (D:1)
7 creatures vanquished.

Notes
Turn   | Place    | Note
-------+----------+-------------------------------------------
     0 | D:1      | Riddle the Formicid Fighter began the quest for the Orb.
     0 | D:1      | Reached XP level 1. HP: 18/18 MP: 1/1
    27 | D:1      | Found an iron altar of Okawaru.
    36 | D:1      | Reached XP level 2. HP: 17/24 MP: 2/2
    40 | D:1      | Quit the game

Illustrated notes

Levels and vault maps discovered:
D:1:      sevenhm_arrival_forest_fort_small_4, layout_basic,
          okawaru_ov_weapons_minmay

Action                   || total
-------------------------++-------
Melee: Quarterstaff      ||    17
Armor: Scale mail        ||    13
Dodge: Dodged            ||    12
Block: Kite shield       ||    19

Table legend: (Time is in decaauts)
 A = Elapsed time spent in this place.
 B = Non-inter-level travel time spent in this place.
 C = Inter-level travel time spent in this place.
 D = Time resting spent in this place.
 E = Time spent auto-exploring this place.
 F = Levels seen in this place.
 G = Mean time per level.
                   A        B        C        D        E       F      G
               +--------+--------+--------+--------+--------+-----+--------+
         Total |     44 |     44 |      0 |      0 |     15 |   1 |   44.0 |
       Dungeon |     44 |     44 |      0 |      0 |     15 |   1 |   44.0 |
               +--------+--------+--------+--------+--------+-----+--------+

Top non-repeatable levels by time:
     D:1: 44 daAuts
